 Dungeon Crawl Stone Soup version 0.31-a0-662-g684573625c (webtiles) character file.

Game seed: 16379757147374952118

62 Maratek the Trooper (level 3, -1/29 HPs)
             Began as a Demonspawn Fighter on Aug 31, 2023.
             Slain by Natasha (6 damage)
             ... on level 2 of the Dungeon.
             The game lasted 00:01:24 (919 turns).

Maratek the Trooper (Demonspawn Fighter)             Turns: 919, Time: 00:01:25

Health: -1/29      AC:  7    Str: 18    XL:     3   Next: 85%
Magic:  0/3        EV:  9    Int:  9    God:
Gold:   38         SH:  4    Dex: 12    Spells: 2/2 levels left

rFire   . . .        a - +0 long sword
rCold   . . .        c - +0 buckler
rNeg    . . .        b - +0 scale mail
rPois   .            (helmet restricted)
rElec   .            (no cloak)
rCorr   .            (no gloves)
SInv    .            (no boots)
Will    +....        i - amulet of guardian spirit Stlth
                     j - ring of willpower
HPRegen 0.24/turn    (no ring)
MPRegen 0.08/turn

%: guardian spirit
@: no status effects
A: antennae 1, sharp scales 1
a: no special abilities


You were on level 2 of the Dungeon.
You visited 1 branch of the dungeon, and saw 2 of its levels.

You collected 38 gold pieces.

Inventory:

Hand Weapons
 a - a +0 long sword (weapon)
Armour
 b - a +0 scale mail (worn)
 c - a +0 buckler (worn)
Jewellery
 i - an amulet of guardian spirit (around neck)
 j - a ring of willpower (left hand)
Scrolls
 e - 2 scrolls of identify {unknown}
 g - a scroll of noise {unknown}
 h - a scroll of silence {unknown}
Potions
 d - 2 potions of might
 f - a potion of lignification {unknown}


   Skills:
 + Level 3.5 Fighting
 + Level 2.4 Long Blades
 + Level 3.1 Armour
 + Level 0.4 Dodging
 + Level 3.1 Shields


You had 2 spell levels left.
You didn't know any spells.
Your spell library contained the following spells:

 Spells                   Type           Power      Damage    Failure   Level
 Tukima's Dance           Hex            0%         N/A       99%         3
 Passage of Golubria      Tloc           0%         N/A       100%        4
 Yara's Violent Unravell  Hex/Tmut       0%         3d3       100%        5


Dungeon Overview and Level Annotations

Branches:
Dungeon (2/15)

Altars:

Annotations:
D:2 Natasha


Innate Abilities, Weirdness & Mutations

You have a pair of small antennae on your head.
You are partially covered in razor-sharp scales. (AC +1, Slay +1)


Message History

You hit Natasha but do no damage.
Natasha is heavily wounded.
Natasha claws you. You block the cerulean imp's attack.
You are too injured to fight recklessly!
You are too injured to fight recklessly!
You are too injured to fight recklessly!
You are too injured to fight recklessly!
You are too injured to fight recklessly!
You hit Natasha.
Natasha is severely wounded.
Natasha completely misses you. You block the cerulean imp's attack.
You closely miss Natasha.
Natasha is severely wounded.
You block Natasha's attack. You block the cerulean imp's attack.
Natasha barely misses you.
The cerulean imp hits you from afar with a +1 spear.
You barely miss Natasha.
Natasha is severely wounded.
Natasha claws you.
The cerulean imp hits you from afar with a +1 spear.
* * * LOW HITPOINT WARNING * * *
You barely miss Natasha.
Natasha is severely wounded.
Natasha closely misses you.
The cerulean imp hits you but does no damage.
You closely miss Natasha.
Natasha is severely wounded.
Natasha casts a spell.
The cerulean imp closely misses you. Natasha closely misses you.
You block the cerulean imp's attack.
You hit Natasha.
Natasha is almost dead.
Natasha barely misses you. You block the cerulean imp's attack.
The cerulean imp hits you from afar with a +1 spear.
* * * LOW HITPOINT WARNING * * *
You closely miss Natasha.
Natasha is almost dead.
Natasha claws you!
You die...
Natasha begins licking her fur clean.

#.#
##......##.#
#.#
#..#######.#
#.# #.## #.#
#.# ##.# #.#
#(####..# #.#
#......## #.#
##.###### #.#
#..# #.# #.@#
#.#
#...h5.....
#.#
....5######..
#.# #......#
#.# #...(..#
#.# #.......#
#.# #.......#
#.# #.......#
#.# #..


You could see Natasha and 2 cerulean imps.

Vanquished Creatures
  Natasha (D:2)
  7 ball pythons
  A bat (D:1)
  2 endoplasms (D:1)
  A giant cockroach (D:1)
  3 goblins (D:1)
  5 hobgoblins (D:1)
  4 jackals
  A quokka (D:1)
  4 frilled lizards
  A kobold (D:1)
  5 rats
35 creatures vanquished.

Notes
Turn   | Place    | Note
-------+----------+-------------------------------------------
     0 | D:1      | Maratek the Demonspawn Fighter began the quest for the Orb.
     0 | D:1      | Reached XP level 1. HP: 18/18 MP: 1/1
     3 | D:1      | Noticed an electric eel
   186 | D:1      | Gained mutation: You are partially covered in razor-sharp
                  | scales. (AC +1, Slay +1) [demonic ancestry]
   186 | D:1      | Reached XP level 2. HP: 21/24 MP: 2/2
   453 | D:1      | Gained mutation: You have a pair of small antennae on your
                  | head. [demonic ancestry]
   453 | D:1      | Reached XP level 3. HP: 29/29 MP: 3/3
   715 | D:2      | Noticed Natasha
   718 | D:2      | Killed Natasha
   904 | D:2      | Noticed Natasha
   919 | D:2      | Slain by Natasha

Illustrated notes

Levels and vault maps discovered:
D:1:      arrival_aquarium_a, layout_loops_ring
D:2:      layout_basic, hellmonk_ecumenical_altar_dog_temple,
          kennysheep_generic_room_9, uniq_natasha

Skill      XL: |  1  2  3 |
---------------+----------+-----
Shields        | 3 |  3.1
Armour         | 3 |  3.1
Long Blades    | 2 |  2.4
Fighting       | |  3.5
Dodging        | |  0.4

Action                     || total
---------------------------++-------
  Melee: Long sword        ||   104
 Armour: Scale mail        ||    77
  Dodge: Dodged            ||    47
  Block: Buckler           ||    27

Table legend: (Time is in decaauts)
 A = Elapsed time spent in this place.
 B = Non-inter-level travel time spent in this place.
 C = Inter-level travel time spent in this place.
 D = Time resting spent in this place.
 E = Time spent auto-exploring this place.
 F = Levels seen in this place.
 G = Mean time per level.
                   A        B        C        D        E       F      G
               +--------+--------+--------+--------+--------+-----+--------+
         Total |    952 |    952 |      0 |      0 |    725 |   2 |  476.0 |
       Dungeon |    952 |    952 |      0 |      0 |    725 |   2 |  476.0 |
               +--------+--------+--------+--------+--------+-----+--------+

Top non-repeatable levels by time:
     D:1: 721 daAuts
     D:2: 231 daAuts
